 Dungeon Crawl Stone Soup version 0.25-a0-558-g78a2afb0af (webtiles) character file.

Game seed: 9660941445820140241, levelgen mode: deterministic

358 Flugslaktarn the Chopper (level 6, -3/57 HPs)
             Began as a Deep Dwarf Fighter on Feb 24, 2020.
             Killed from afar by Ijyb (12 damage)
             ... with a bolt of acid
             ... on level 4 of the Dungeon.
             The game lasted 00:00:35 (495 turns).

Flugslaktarn the Chopper (Deep Dwarf Fighter)        Turns: 495, Time: 00:00:35

Health: -3/57      AC:  3    Str: 21    XL:     6   Next: 37%
Magic:  5/5        EV:  7    Int:  9    God:
Gold:   61         SH: 10    Dex: 12    Spells: 5/5 levels left

rFire    . . .     SeeInvis .   a - +0 war axe
rCold    . . .     Gourm    .   c - +0 kite shield
rNeg     . . .     Faith    .   b - +0 scale mail
rPois    .         Spirit   .   (no helmet)
rElec    .         Reflect  .   (no cloak)
rCorr    .         Harm     .   (no gloves)
MR       .....                  (no boots)
Stlth    ..........             (no amulet)
HPRegen  0.00/turn              (no ring)
MPRegen  0.09/turn              (no ring)

@: corroded, non-regenerating
A: damage resistance, heal wounds, sense surroundings 1, no regeneration
a: Heal Wounds


You were on level 4 of the Dungeon.
You were not hungry.

You visited 1 branch of the dungeon, and saw 4 of its levels.

You collected 61 gold pieces.

Inventory:

Hand Weapons
 a - a +0 war axe (weapon)
Armour
 b - a +0 scale mail (worn)
 c - a +0 kite shield (worn)
Jewellery
 m - an uncursed ring of protection from cold {unknown}
   (You found it on level 4 of the Dungeon)
Scrolls
 g - a scroll of fear {unknown}
 l - a scroll of teleportation {unknown}
Potions
 d - a potion of might
 h - a potion of lignification {unknown}
 i - a potion of brilliance {unknown}
 j - 2 potions of haste {unknown}
 k - a potion of curing {unknown}
Comestibles
 e - 5 rations
 f - 4 chunks of flesh


   Skills:
 + Level 3.7 Fighting
 * Level 5.0 Axes
 + Level 4.5 Armour
 + Level 4.5 Shields


You had 5 spell levels left.
You didn't know any spells.
Your spell library was empty.

Dungeon Overview and Level Annotations

Branches:
Dungeon (4/15)
 Temple: D:4-7

Altars:
Fedhas
Qazlal
Xom

Annotations:
D:4 Ijyb


Innate Abilities, Weirdness & Mutations

You are resistant to damage.
You can heal yourself by infusing magical energy.
You passively map a small area around you.
You do not regenerate.


Message History

You hear a zap.
A bolt of acid appears from out of thin air!
The bolt of acid hits you!
You are splashed with acid!
You miss something. Something hits you but does no damage.
You hear a zap.
A bolt of acid appears from out of thin air!
The bolt of acid hits you!
* * * LOW HITPOINT WARNING * * *
The acid corrodes you!
You are splashed with acid!
* * * LOW HITPOINT WARNING * * *
Some of the chunks of flesh in your inventory have rotted away.
Your shield and scale mail prevent you from hitting something.
Something hits you but does no damage.
You hit something. Something hits you.
You miss something. Something hits you.
You fail to use your ability.
You hear a zap.
A bolt of acid appears from out of thin air!
The bolt of acid hits you!
You die...

##.# *, * , .
#.## * # # .##
, .#. .# * , ,
*#.# .### , , *
#.# ...# #.#
##.# , #.# #.#
* *** #{# #.#
#######@# #.#
###.......#
##.##
#.>....####
#...## #.#.##.#
.....###.#.##.#
...........##.#
.....###.####.#
#...## #... ..#
##### ########


There were no monsters in sight!

Vanquished Creatures
  An ogre (D:4)
  2 centaurs
  A howler monkey (D:4)
  A hound (D:4)
  A worker ant (D:4)
  An adder (D:2)
  An orc (D:4)
  2 goblins
  2 hobgoblins (D:2)
  4 kobolds
  3 ball pythons
  A bat (D:1)
  3 frilled lizards
  A rat (D:2)
24 creatures vanquished.

Vanquished Creatures (others)
  A ghoul (D:1)
  A minotaur (D:1)
  A gargoyle (D:1)
  3 spriggans (D:1)
  2 dwarves (D:1)
  A centaur (D:1)
  3 kobolds (D:1)
  8 tentacles (D:1)
20 creatures vanquished.

Grand Total: 44 creatures vanquished

Notes
Turn   | Place    | Note
-------+----------+-------------------------------------------
     0 | D:1      | Flugslaktarn the Deep Dwarf Fighter began the quest for the
                  | Orb.
     0 | D:1      | Reached XP level 1. HP: 20/20 MP: 1/1
     0 | D:1      | Noticed a ghoul
     0 | D:1      | Noticed a dwarf
     0 | D:1      | Noticed a centaur
     0 | D:1      | Noticed a kraken
     0 | D:1      | Noticed a spriggan
     0 | D:1      | Noticed a minotaur
     0 | D:1      | Noticed a spriggan
     0 | D:1      | Noticed a gargoyle
     0 | D:1      | Noticed a dwarf
     0 | D:1      | Noticed a spriggan
     3 | D:1      | Killed a spriggan
     6 | D:1      | Killed a gargoyle
     6 | D:1      | Killed a dwarf
     7 | D:1      | Killed a spriggan
     9 | D:1      | Killed a centaur
     9 | D:1      | Killed a minotaur
    10 | D:1      | Killed a dwarf
    11 | D:1      | Killed a spriggan
    16 | D:1      | Killed a ghoul
   107 | D:2      | Reached XP level 2. HP: 13/27 MP: 2/2
   113 | D:2      | Noticed a centaur
   126 | D:2      | Killed a centaur
   126 | D:2      | Reached skill level 3 in Axes
   126 | D:2      | Reached XP level 3. HP: 17/34 MP: 3/3
   126 | D:2      | Reached XP level 4. HP: 21/42 MP: 4/4
   156 | D:2      | Found a shimmering altar of Xom.
   249 | D:4      | Noticed an ogre
   254 | D:4      | Killed an ogre
   254 | D:4      | Reached skill level 4 in Axes
   254 | D:4      | Reached XP level 5. HP: 28/49 MP: 4/4
   261 | D:4      | Noticed a centaur
   270 | D:4      | Killed a centaur
   270 | D:4      | Reached XP level 6. HP: 42/56 MP: 5/5
   279 | D:4      | Found a blossoming altar of Fedhas.
   308 | D:4      | Found a stormy altar of Qazlal.
   421 | D:4      | Reached skill level 5 in Axes
   484 | D:4      | Noticed Ijyb
   495 | D:4      | Killed from afar by Ijyb

Levels and vault maps discovered:
D:1:      nicolae_arrival_kraken_aquarium_a, layout_basic
D:2:      layout_basic, lemuel_crystal_altar, first_ration
D:3:      layout_basic, nicolae_overflow_crystal_walls
D:4:      layout_loops_cross, fedhas_bush_and_centaur_altar,
          grunt_qazlal_sundering, uniq_ijyb, uniq_eustachio

Skill      XL: |  1  2  3  4  5  6 |
---------------+-------------------+-----
Fighting       | 3 |  3.7
Axes           | 3 4 5 |  5.0
Armour         | 4 |  4.5
Shields        | 4 |  4.5

Action                   |  1- 3 |  4- 6 || total
-------------------------+-------+-------++-------
Melee: War axe           |    21 |    69 ||    90
 Abil: Heal Wounds       |     1 |     4 ||     5
Armor: Scale mail        |     9 |    33 ||    42
Dodge: Dodged            |     9 |    17 ||    26
Block: Kite shield       |    15 |    37 ||    52

Table legend:
 A = Non-vault XP
 B = Vault XP
 C = Vault XP percentage of total XP
 D = Non-vault monster count
 E = Vault monster count
 F = Vault count percentage of total count
                 A         B        C        D         E       F
            +---------+---------+-------+---------+---------+-------
      Total |     400 |     112 |  21.9 |      23 |       1 |   4.2
            +---------+---------+-------+---------+---------+-------
        D:1 |       9 |       0 |   0.0 |       6 |       0 |   0.0
        D:2 |     129 |       0 |   0.0 |       6 |       0 |   0.0
        D:3 |       4 |       0 |   0.0 |       3 |       0 |   0.0
        D:4 |     258 |     112 |  30.3 |       8 |       1 |  11.1
            +---------+---------+-------+---------+---------+-------
